 Dungeon Crawl Stone Soup version 0.27.0-1-g7a089689b8 (webtiles) character file.

Game seed: 3726137979076922832

441 sanka the Vexing (level 6, -2/42 HPs)
             Began as a Spriggan Fire Elementalist on July 31, 2021.
             Killed by divine providence
             ... invoked by an orc priest
              (12 damage)
             ... on level 6 of the Dungeon.
             The game lasted 00:12:29 (6574 turns).

sanka the Vexing (Spriggan Fire Elementalist)       Turns: 6574, Time: 00:12:30

Health: -2/42      AC: 23    Str:  4    XL:     6   Next: 71%
Magic:  3/11       EV:  4    Int: 17    God:
Gold:   142        SH:  5    Dex: 17    Spells: 7/11 levels left

rFire    + . .     SeeInvis +   (weapon restricted)
rCold    . . .     Faith    .   (shield restricted)
rNeg     + + +     Spirit   .   (armour currently unavailable)
rPois    +         Reflect  +   (helmet currently unavailable)
rElec    .         Harm     .   (cloak currently unavailable)
rCorr    .         Rampage  .   (gloves unavailable)
Will     +....     NoTele   +   (boots unavailable)
Stlth    ++........             q - amulet of reflection
HPRegen  0.14/turn              a - ring of protection from fire
MPRegen  0.12/turn              s - +4 ring of evasion

@: mighty, tree-form
A: stationary, stasis, torment immunity, boosted hp, very small, no large
weapons, unfitting armour, see invisible, (speed 3)
a: no special abilities


You were on level 6 of the Dungeon.
You were a tree.
You visited 1 branch of the dungeon, and saw 5 of its levels.

You collected 142 gold pieces.


Innate Abilities, Weirdness & Mutations

You are a tree.
Your roots penetrate the ground, keeping you stationary.
You cannot be teleported.
You are immune to unholy pain and torment.
Your maximum health is greatly increased.
Your equipment is partially melded.
You are very small and have problems with some larger weapons.
You are too small for most types of armour.
You have supernaturally acute eyesight. (SInv)
((You cover ground extremely quickly. (Speed+++)))


   Skills:
 - Level 4.1 Dodging
 - Level 3.0 Stealth
 - Level 3.0 Spellcasting
 - Level 0.6 Conjurations
 + Level 7.7 Hexes
 - Level 2.4 Fire Magic


You had 7 spell levels left.
You knew the following spells:

 Your Spells              Type           Power      Damage    Failure   Level
y - Foxfire               Conj/Fire      28%        2x1d5     10%         1
Z - Confusing Touch       Hex            28%        N/A       2%          3

Your spell library contained the following spells:

 Spells                   Type           Power      Damage    Failure   Level
 Slow                     Hex            28%        N/A       1%          2
 Inner Flame              Hex/Fire       19%        N/A       7%          3
 Beastly Appendage        Tmut           4%         N/A       17%         1
 Wereblood                Tmut           2%         N/A       26%         2
 Conjure Flame            Conj/Fire      7%         6-21      28%         3
 Spider Form              Tmut/Pois      1%         N/A       45%         3
 Sticky Flame             Conj/Fire      7%         2d3       67%         4
 Yara's Violent Unravell  Hex/Tmut       7%         3d5       69%         5
 Fireball                 Conj/Fire      3%         3d4       95%         5

Inventory:

Hand Weapons
 h - a +2 dagger of speed
Missiles
 b - 6 poisoned darts
Armour
 l - a +2 robe of willpower (melded)
Magical Staves
 d - a staff of conjuration {!a}
Jewellery
 a - a ring of protection from fire (left branch)
 g - a ring of positive energy
 q - an amulet of reflection (around neck)
 s - a +4 ring of evasion (right branch)
Wands
 o - a wand of flame (9)
Scrolls
 j - 2 scrolls of enchant armour
 m - a scroll of magic mapping
 p - 2 scrolls of summoning
Potions
 e - a potion of lignification {!q}
 f - a potion of haste {unknown}
 i - a potion of degeneration {unknown}
 n - a potion of curing {unknown}
 r - a potion of might

Dungeon Overview and Level Annotations

Branches:
Dungeon (4/15)
 Temple: D:4-7

Altars:

Shops:
D:3

[**[: ▒▒▒
▒▒.▒▒▒ ▒▒▒
▒....▒
▒.▒▒▒..o▒▒
▒▒.▒▒...o♣▒
▒.......o▒▒
▒......▒▒▒
▒.....▒▒
▒▒▒....▒▒
▒.▒[....▒▒▒
▒.........▒▒
▒...▒...▒..▒▒
▒▒.▒▒▒▒.....▒


You could see 2 orc priests and an orc.


Message History

It was a potion of lignification.
You turn into a tree.
You feel less strong-willed.
Your roots penetrate the ground.
The orc priest hits you but does no damage.
The orc priest hits you but does no damage.
Unknown command.
You conjure some foxfire!
The orc priest looks encouraged for a moment.
The orc priest hits you but does no damage.
Unknown command.
There is not enough space to conjure foxfire!
Unknown command.
Unknown command.
Okay, then.
You are now empty-handed.
The foxfire hits the orc priest but does no damage.
The orc priest is almost dead.
The orc priest casts a cantrip, but nothing happens.
Unknown command.
You barely miss the orc priest.
The orc priest is almost dead.
The orc priest hits you but does no damage.
The orc priest miscasts a cantrip.
The orc hits you but does no damage.
You hit the orc priest.
The orc priest is almost dead.
The orc priest mumbles some strange prayers to Beogh against you.
Beogh smites you!
You die...

Action                   |  1- 3 |  4- 6 || total
-------------------------+-------+-------++-------
Melee: Short sword       |     5 |       ||     5
       Dagger            |     7 |    95 ||   102
       Unarmed           |       |     2 ||     2
 Cast: Foxfire           |    84 |   138 ||   222
Evoke: Wand              |       |     2 ||     2
  Use: Scroll            |       |     4 ||     4
       Potion            |       |     2 ||     2
 Stab: Sleeping          |       |     5 ||     5
Armor: Robe              |     3 |    12 ||    15
       Skin              |       |     5 ||     5
Dodge: Dodged            |    20 |    81 ||   101
Block: Other             |       |    10 ||    10

Levels and vault maps discovered:
D:1:      dpeg_arrival_three_same_balls, layout_basic,
          chequers_ecumenical_altar_island, minmay_tetromino_s2
D:2:      kennysheep_six_static_rooms, layout_basic, uniq_sigmund, uniq_natasha,
          uniq_robin
D:3:      layout_basic, serial_shops,
          nicolae_shop_temple_entry_statues_fountains, shop, shop,
          nicolae_shop_stone, nicolae_shop_waterfront, minmay_pentangle
D:4:      layout_basic
D:6:      minmay_octagon_keep, layout_cave_pools, minmay_temple_entry_junction,
          serial_undead, serial_undead_a, serial_undead_b, serial_undead_f,
          serial_undead_e, serial_undead_e, serial_undead_f, serial_undead_b,
          wad_rectangle_vault

Notes
Turn   | Place    | Note
-------+----------+-------------------------------------------
     0 | D:1      | sanka the Spriggan Fire Elementalist began the quest for
                  | the Orb.
     0 | D:1      | Reached XP level 1. HP: 9/9 MP: 5/5
   113 | D:1      | Reached skill level 3 in Dodging
   393 | D:1      | Found a faded altar of an unknown god.
   422 | D:1      | Reached XP level 2. HP: 13/13 MP: 1/6
   435 | D:1      | Reached skill level 4 in Dodging
   813 | D:1      | Reached skill level 3 in Spellcasting
  1249 | D:1      | Reached skill level 1 in Hexes
  1609 | D:1      | Reached XP level 3. HP: 16/16 MP: 4/8
  1646 | D:1      | Learned a level 3 spell: Confusing Touch
  2072 | D:2      | Reached skill level 2 in Hexes
  2247 | D:2      | Noticed Robin
  2450 | D:2      | Killed Robin
  2451 | D:2      | Reached skill level 3 in Hexes
  2469 | D:2      | Reached XP level 4. HP: 21/21 MP: 2/9
  2751 | D:2      | Noticed Natasha
  2769 | D:2      | Killed Natasha
  2770 | D:2      | Reached skill level 4 in Hexes
  2976 | D:2      | Noticed Natasha
  2987 | D:2      | Killed Natasha
  3154 | D:2      | Noticed Sigmund
  3223 | D:2      | Noticed Natasha
  3280 | D:2      | Killed Sigmund
  3281 | D:2      | Reached skill level 6 in Hexes
  3281 | D:2      | Reached XP level 5. HP: 20/24 MP: 0/10
  3281 | D:2      | Reached XP level 6. HP: 24/28 MP: 0/11
  4138 | D:2      | Killed Natasha
  5229 | D:3      | Found Casmuep's Book Emporium.
  5264 | D:3      | Found Falar's Antique Armour Boutique.
  5477 | D:3      | Reached skill level 7 in Hexes
  5847 | D:3      | Found Wafef's Assorted Antiques.
  5874 | D:3      | Found Ceipsisu's Armour Boutique.
  5966 | D:3      | Found Teteonn's General Store.
  6574 | D:6      | Killed from afar by an orc priest

Vanquished Creatures
  Sigmund (D:2)
  A centaur zombie (D:6)
  Natasha (thrice) (D:2)
  A killer bee zombie (D:6)
  A hound skeleton (D:3)
  Robin (D:2)
  3 adders
  3 worms
  5 dart slugs
  2 orcs (D:3)
  6 endoplasms
  4 giant cockroaches
  17 goblins
  8 hobgoblins
  6 jackals (D:1)
  9 kobolds
  3 quokkas
  3 ball pythons (D:3)
  5 bats
  5 frilled lizards
  3 rats
90 creatures vanquished.

Vanquished Creatures (others)
  363 foxfires
  3 withered plants (D:6)
366 creatures vanquished.

Grand Total: 456 creatures vanquished
